 Dungeon Crawl Stone Soup version 0.30-a0-949-g53dc5368d7 (webtiles) character file.

Game seed: 3907104277898185766

32 retardedninja the Caller (level 3, 0/19 HPs)
             Began as a Deep Elf Summoner on Mar 27, 2023.
             Slain by a ball python (3 damage)
             ... on level 2 of the Dungeon.
             The game lasted 00:03:08 (2015 turns).

retardedninja the Caller (Deep Elf Summoner)        Turns: 2015, Time: 00:03:09

Health: 0/19       AC:  2    Str:  5    XL:     3   Next: 10%
Magic:  6/10       EV: 13    Int: 21    God:
Gold:   73         SH:  0    Dex: 15    Spells: 6/9 levels left

rFire   + . .      SeeInvis .    h - +0 short sword
rCold   + . .      Faith    .    (no shield)
rNeg    . . .      Spirit   .    a - +0 robe
rPois   .          Reflect  .    (no helmet)
rElec   .          Rampage  .    (no cloak)
rCorr   .                        (no gloves)
Will    .....                    (no boots)
Stlth   ++                       (no amulet)
HPRegen 0.23/turn                d - ring of protection from cold
MPRegen 0.12/turn                e - ring of protection from fire

@: no status effects
A: no striking features
a: no special abilities


You were on level 2 of the Dungeon.
You visited 1 branch of the dungeon, and saw 2 of its levels.

You collected 73 gold pieces.

Inventory:

Hand Weapons
 h - a +0 short sword (weapon)
Armour
 a - a +0 robe (worn)
Jewellery
 d - a ring of protection from cold (left hand)
 e - a ring of protection from fire (right hand)
Scrolls
 c - a scroll of magic mapping {unknown}
Potions
 b - a potion of magic
 f - 3 potions of brilliance {unknown}
 g - a potion of haste {unknown}
 i - a potion of berserk rage {unknown}
 j - a potion of curing {unknown}


   Skills:
 + Level 3.0 Dodging
 + Level 3.1 Stealth
 + Level 3.6 Spellcasting
 + Level 4.7 Summonings


You had 6 spell levels left.
You knew the following spells:

 Your Spells              Type           Power      Damage    Failure   Level
a - Summon Small Mammal   Summ           92%        N/A       1%          1
b - Call Imp              Summ           23%        N/A       2%          2

Your spell library contained the following spells:

 Spells                   Type           Power      Damage    Failure   Level
 Call Canine Familiar     Summ           23%        N/A       5%          3
 Apportation              Tloc           6%         N/A       13%         1
 Necrotise                Necr           12%        1d4       13%         1
 Summon Guardian Golem    Hex/Summ       13%        N/A       14%         3
 Gell's Gravitas          Tloc           3%         N/A       36%         3
 Teleport Other           Tloc           3%         N/A       36%         3
 Summon Lightning Spire   Summ/Air       13%        N/A       43%         4
 Dispersal                Tloc           1%         N/A       100%        6


Dungeon Overview and Level Annotations

Branches:
Dungeon (2/15)

Altars:

Shops:
D:1 *


Message History

You hit the worm.
You kill the worm!
The bat barely misses you. x2
The bat hits your iron imp but does no damage.
The bat hits your iron imp.
You swap places.
Found a runed mace.
The bat hits you but does no damage.
Your iron imp hits the bat.
The bat dies!
The ball python hisses angrily.
The ball python bites your iron imp. The ball python grabs your iron imp.
The ball python constricts your iron imp.
The ball python loses its grip on your iron imp.
Your iron imp disappears in a puff of smoke!
Casting: Call Imp (safe; 2% risk of failure)
Confirm with . or Enter, or press ? or * to list all spells.
A beastly little devil appears in a puff of flame.
You are too injured to fight recklessly!
You are too injured to fight recklessly!
Unknown command.
You are too injured to fight recklessly!
Unknown command.
You are too injured to fight recklessly!
Casting: Summon Small Mammal (safe; 1% risk of failure)
Press: ? - help, Q - select action, (/) - cycle Dir - look around, f - activate The ball python closely misses you.
The ball python grabs you. The ball python constricts you.
* * * LOW HITPOINT WARNING * * *
Your crimson imp blinks!
Casting: Summon Small Mammal (safe; 1% risk of failure)
Press: ? - help, Q - select action, (/) - cycle Dir - look around, f - activate The ball python bites you.
* * * LOW HITPOINT WARNING * * *
The ball python constricts you.
Casting: Summon Small Mammal (safe; 1% risk of failure)
Press: ? - help, Q - select action, (/) - cycle Dir - look around, f - activate Look: a bat (summoned, friendly)
Okay, then.
You escape the ball python's grasp.
You swap places.
Your bat hits the ball python. The ball python bites you.
You die...

.... ### . #... #.. .. .
#... #.#.. .#
#...#.##.#. #.# .
#...#.....## #.... #...
#.#.###.#.#
####...####.#..#....#
......†.@....##..# ##..
......rSb....###.##.....
....................#
####..>######.##.##.#
#.5. #.##.# # #.#. >##.#
#... #.##.# # .)..
#.##.##.# .....
#.......#


You could see a ball python (ally target), a friendly crimson imp (summoned), a
friendly quokka (summoned) and a friendly bat (summoned).

Vanquished Creatures
  A worm (D:2)
  An endoplasm (D:2)
2 creatures vanquished.

Vanquished Creatures (collateral kills)
  5 endoplasms
  3 giant cockroaches (D:1)
  2 hobgoblins (D:1)
  4 jackals (D:1)
  2 quokkas (D:1)
  2 bats
  4 frilled lizards (D:1)
  A kobold (D:1)
  A rat (D:1)
24 creatures vanquished.

Grand Total: 26 creatures vanquished

Notes
Turn   | Place    | Note
-------+----------+-------------------------------------------
     0 | D:1      | retardedninja the Deep Elf Summoner began the quest for the
                  | Orb.
     0 | D:1      | Reached XP level 1. HP: 10/10 MP: 6/6
   790 | D:1      | Reached XP level 2. HP: 7/15 MP: 4/8
  1790 | D:1      | Found Igoick's General Store.
  1825 | D:1      | Learned a level 2 spell: Call Imp
  1966 | D:2      | Reached XP level 3. HP: 17/19 MP: 7/10
  2015 | D:2      | Slain by a ball python

Illustrated notes

Levels and vault maps discovered:
D:1:      erik_arrival_orb_chamber, layout_basic, serial_shops, shop
D:2:      layout_loops_cross, basic_altar

Skill      XL: |  1  2 |
---------------+-------+-----
Stealth        | 3 |  3.1
Dodging        | 3 |  3.0
Spellcasting   | |  3.6
Summonings     | |  4.7

Action                     || total
---------------------------++-------
  Melee: Unarmed           ||    20
         Short sword       ||     8
   Cast: Summon Small Mamm ||    50
         Call Imp          ||     5
   Stab: Distracted        ||     1
 Armour: Robe              ||    19
  Dodge: Dodged            ||    72

Table legend: (Time is in decaauts)
 A = Elapsed time spent in this place.
 B = Non-inter-level travel time spent in this place.
 C = Inter-level travel time spent in this place.
 D = Time resting spent in this place.
 E = Time spent auto-exploring this place.
 F = Levels seen in this place.
 G = Mean time per level.
                   A        B        C        D        E       F      G
               +--------+--------+--------+--------+--------+-----+--------+
         Total |   2013 |   1981 |     32 |    253 |   1353 |   2 | 1006.5 |
       Dungeon |   2013 |   1981 |     32 |    253 |   1353 |   2 | 1006.5 |
               +--------+--------+--------+--------+--------+-----+--------+

Top non-repeatable levels by time:
     D:1: 1839 daAuts
     D:2: 173 daAuts
